Map: Oxyde EC

Players

SHEL

  • Race: Protoss Protoss
  • League: Silver
  • Spawn Location: 7:00

tTireAuCoeur - Winner!

  • Race: Protoss Protoss
  • League: Silver
  • Spawn Location: 1:00

VOD

Have the link to the VOD?

Description

Time

  • Played on: Nov. 2, 2020, 10:28 a.m.
  • Length: 7:21
Show
View Real Time Build Order
Export as new Build Order

SHEL Protoss 

Build Orders:  

Get SALT Encoding   

  12  0:02  Probe  
  13  0:14  Probe  
  14  0:23  Pylon  
  14  0:26  Probe  
  15  0:41  Probe  
  16  0:49  Gateway  
  16  0:57  Assimilator  
  16  1:04  Pylon  
  16  1:17  Probe (Chrono Boost)  
  18  1:27  Probe (Chrono Boost)  
  18  1:32  Probe (Chrono Boost)  
  18  1:33  Gateway  
  18  1:38  Cybernetics Core  
  19  1:41  Pylon  
  19  1:55  Pylon  
  19  2:15  Stalker  
  21  2:25  Assimilator  
  21  2:26  Probe (Chrono Boost)  
  22  2:35  Nexus  
  23  2:37  Probe (Chrono Boost)  
  23  2:39  Assimilator  
  23  2:41  Probe (Chrono Boost)  
  24  3:03  Pylon  
  24  3:24  Stargate  
  24  3:28  Probe  
  26  3:41  Probe (Chrono Boost)  
  26  3:48  Probe (Chrono Boost)  
  27  3:54  Probe (Chrono Boost)  
  28  3:58  Probe (Chrono Boost)  
  28  4:01  Probe (Chrono Boost)  
  30  4:04  Probe (Chrono Boost)  
  32  4:12  Probe (Chrono Boost)  
  32  4:14  Probe (Chrono Boost)  
  33  4:19  Probe (Chrono Boost)  
  33  4:20  Probe (Chrono Boost)  
  33  4:23  Stargate  
  35  4:27  Fleet Beacon  
  35  4:28  Probe  
  35  4:31  Probe  
  37  4:35  Assimilator, Void Ray (Chrono Boost)  
  30  5:28  Void Ray (Chrono Boost)  
  30  5:41  Pylon  
  28  5:48  Pylon  
  28  5:49  Pylon  
  25  5:51  Pylon  
  25  5:55  Void Ray (Chrono Boost)  
  24  6:01  Stargate  
Show
View Real Time Build Order
Export as new Build Order

tTireAuCoeur Protoss - Winner!

Build Orders:  

Get SALT Encoding   

  12  0:00  Probe (Chrono Boost)  
  13  0:10  Probe (Chrono Boost)  
  14  0:19  Pylon  
  14  0:27  Probe  
  15  0:41  Gateway, Probe  
  16  1:10  Assimilator  
  16  1:13  Probe  
  17  1:25  Probe  
  18  1:32  Zealot  
  20  1:35  Cybernetics Core  
  20  1:44  Pylon  
  20  1:52  Assimilator  
  20  1:54  Probe (Chrono Boost)  
  21  2:15  Zealot, Warp Gate (Chrono Boost)  
  23  2:23  Nexus  
  23  2:28  Gateway  
  23  2:39  Shield Battery  
  23  2:40  Probe  
  24  2:52  Probe  
  24  2:54  Zealot (Chrono Boost)  
  27  2:58  Pylon  
  27  3:04  Probe  
  28  3:12  Pylon  
  28  3:16  Probe  
  31  3:26  Stalker (Chrono Boost)  
  31  3:30  Probe (Chrono Boost)  
  32  3:37  Probe (Chrono Boost)  
  32  3:39  Stargate  
  33  3:47  Probe (Chrono Boost)  
  34  3:51  Forge  
  34  3:52  Probe (Chrono Boost)  
  35  3:59  Stalker  
  37  4:03  Sentry  
  39  4:16  Probe  
  40  4:18  Pylon  
  40  4:28  Probe  
  41  5:01  Stalker x2  
  41  5:04  Oracle  
  46  5:38  Stalker x2  
  50  6:06  Stalker x2  
  50  6:50  Stalker x2  
Tags
 
Matchup
PvP
Spawn Locations
Cross Positions
Add a new tag
Caveats
  • Supply blocks, unpowered buildings, or Contaminate may cause inaccurate times.
  • Supply counts are checked every 10 seconds.